 Dungeon Crawl Stone Soup version 0.30-a0-779-g7971cf19c3 (webtiles) character file.

Game seed: 9881596048237436698

83 Newt the Trooper (level 4, 0/38 HPs)
             Began as a Demonspawn Gladiator on Feb 17, 2023.
             Slain by an iguana (10 damage)
             ... on level 3 of the Dungeon.
             The game lasted 00:02:11 (1554 turns).

Newt the Trooper (Demonspawn Gladiator)             Turns: 1554, Time: 00:02:12

Health: 0/38       AC:  4    Str: 16    XL:     4   Next: 22%
Magic:  4/4        EV: 12    Int: 10    God:
Gold:   95         SH:  0    Dex: 14    Spells: 3/3 levels left

rFire   . . .      SeeInvis .    a - +0 rapier
rCold   . . .      Faith    .    (no shield)
rNeg    . . .      Spirit   .    b - +0 leather armour
rPois   .          Reflect  .    (helmet restricted)
rElec   .          Harm     .    (no cloak)
rCorr   .          Rampage  .    j - +0 pair of gloves
Will    .....                    (no boots)
Stlth   +                        (no amulet)
HPRegen 0.26/turn                (no ring)
MPRegen 0.09/turn                (no ring)

@: no status effects
A: horns 1, powered by death 1
a: no special abilities


You were on level 3 of the Dungeon.
You visited 1 branch of the dungeon, and saw 3 of its levels.

You collected 95 gold pieces.

Inventory:

Hand Weapons
 a - a +0 rapier (weapon)
Missiles
 d - 3 throwing nets
 e - a javelin
 l - 4 boomerangs (quivered)
 p - 3 poisoned darts
 q - 6 atropa-tipped darts
Armour
 b - a +0 leather armour (worn)
 c - a +0 helmet
 j - a +0 pair of gloves (worn)
Scrolls
 f - a scroll of teleportation
 h - a scroll of amnesia
 o - 2 scrolls of noise
Potions
 g - a potion of flight
 i - a potion of curing
 k - a potion of attraction {unknown}
 m - a potion of lignification
 n - a potion of ambrosia


   Skills:
 + Level 4.5 Fighting
 - Level 2.6 Short Blades
 - Level 1.7 Throwing
 - Level 2.6 Dodging


You had 3 spell levels left.
You didn't know any spells.
Your spell library was empty.

Dungeon Overview and Level Annotations

Branches:
Dungeon (3/15)

Altars:
Qazlal
Ru
Sif Muna

Shops:
D:3 *([


Innate Abilities, Weirdness & Mutations

You have a pair of small horns on your head.
You regenerate a little health from kills.


Message History

The iguana is lightly wounded.
The iguana bites you but does no damage.
You hit the iguana.
The iguana is moderately wounded.
The iguana bites you.
You hit the iguana.
The iguana is heavily wounded.
The iguana barely misses you. x2
You hit the iguana.
The iguana is heavily wounded.
The iguana bites you.
You closely miss the iguana.
The iguana is heavily wounded.
The iguana bites you. The hobgoblin barely misses you.
You hit the iguana but do no damage.
The iguana is heavily wounded.
The iguana bites you.
The hobgoblin hits you but does no damage.
You barely miss the iguana.
The iguana is heavily wounded.
The iguana bites you. The hobgoblin closely misses you.
You barely miss the iguana.
The iguana is heavily wounded.
The iguana closely misses you. The hobgoblin hits you.
You hit the iguana but do no damage. Your headbutt misses the iguana.
The iguana is heavily wounded.
The iguana bites you! The hobgoblin barely misses you.
You hit the iguana but do no damage.
The iguana is heavily wounded.
The iguana bites you!
* * * LOW HITPOINT WARNING * * *
The hobgoblin closely misses you.
You are too injured to fight recklessly!
You are too injured to fight recklessly!
You are too injured to fight recklessly!
You are too injured to fight recklessly!
You are too injured to fight recklessly!
Unknown command.
The iguana attacks as you move away! The iguana bites you!
You die...

##### #...# #8#.###
####.#...# #.8.∩.8..#
####### #..#<##..###
#.....# #...8......#
..#...g.#####..........#
......l@...............+
..#.....#####..........#
#.....# #..........#
#.....# #....†.....#
####### #.......#.##
#........∩..
.........#.##
............#
............#


You could see an iguana and a hobgoblin.

Vanquished Creatures
  3 adders
  A worm (D:2)
  A dart slug (D:2)
  5 ball pythons
  5 endoplasms
  A giant cockroach (D:2)
  4 goblins
  2 hobgoblins (D:1)
  7 jackals
  A quokka (D:1)
  2 bats (D:1)
  6 frilled lizards
  3 kobolds (D:1)
  6 rats
47 creatures vanquished.

Notes
Turn   | Place    | Note
-------+----------+-------------------------------------------
     0 | D:1      | Newt the Demonspawn Gladiator began the quest for the Orb.
     0 | D:1      | Reached XP level 1. HP: 16/16 MP: 1/1
    94 | D:1      | Gained mutation: You regenerate a little health from kills.
                  | [demonic ancestry]
    94 | D:1      | Reached XP level 2. HP: 18/23 MP: 2/2
   170 | D:1      | Reached skill level 3 in Fighting
   563 | D:2      | Reached XP level 3. HP: 28/29 MP: 3/3
   652 | D:2      | Reached skill level 4 in Fighting
   788 | D:2      | Found a faded altar of an unknown god.
   804 | D:2      | Gained mutation: You have a pair of small horns on your
                  | head. [demonic ancestry]
   804 | D:2      | Reached XP level 4. HP: 38/38 MP: 4/4
  1409 | D:3      | Found a stormy altar of Qazlal.
  1412 | D:3      | Found a sacrificial altar of Ru.
  1412 | D:3      | Found a shimmering blue altar of Sif Muna.
  1453 | D:3      | Found Cahuff's Antique Armour Boutique.
  1501 | D:3      | Found Zunojesch's Weapon Shoppe.
  1524 | D:3      | Found Quptea's Assorted Antiques.
  1554 | D:3      | Slain by an iguana

Illustrated notes

Levels and vault maps discovered:
D:1:      tarquinn_simple_flora_water_e, layout_rooms
D:2:      layout_rooms, nicolae_ecumenical_snake_handling,
          hangedman_abyss_or_decor_stabs
D:3:      layout_basic, mainiacjoe_overflow_alcove_3, serial_shops,
          nicolae_shop_waterfront, nicolae_shop_crystal,
          nicolae_shop_temple_entry_statues_fountains, nicolae_shop_statue_plus,
          shop

Skill      XL: |  1  2  3 |
---------------+----------+-----
Fighting       | 3 4 |  4.5
Short Blades   | |  2.6
Throwing       | |  1.7
Dodging        | |  2.6

Action                     |  1- 3 |  4- 6 || total
---------------------------+-------+-------++-------
  Melee: Rapier            |   122 |    30 ||   152
         Punch             |     2 |       ||     2
         Headbutt          |       |     3 ||     3
  Throw: Boomerang         |     7 |       ||     7
         Javelin           |     1 |       ||     1
    Use: Scroll            |     5 |     1 ||     6
         Potion            |       |     3 ||     3
 Armour: Leather armour    |    34 |     7 ||    41
  Dodge: Dodged            |    89 |    22 ||   111

Table legend: (Time is in decaauts)
 A = Elapsed time spent in this place.
 B = Non-inter-level travel time spent in this place.
 C = Inter-level travel time spent in this place.
 D = Time resting spent in this place.
 E = Time spent auto-exploring this place.
 F = Levels seen in this place.
 G = Mean time per level.
                   A        B        C        D        E       F      G
               +--------+--------+--------+--------+--------+-----+--------+
         Total |   1567 |   1460 |    107 |    162 |    960 |   3 |  522.3 |
       Dungeon |   1567 |   1460 |    107 |    162 |    960 |   3 |  522.3 |
               +--------+--------+--------+--------+--------+-----+--------+

Top non-repeatable levels by time:
     D:2: 756 daAuts
     D:1: 548 daAuts
     D:3: 262 daAuts
